 Dungeon Crawl Stone Soup version 0.19.5 (webtiles) character file.

67 tidbits the Slasher (level 3, -4/23 HPs)
             Began as a High Elf Wanderer on July 17, 2017.
             Killed by nerve-wracking pain
             ... invoked by a shadow imp
             ... summoned by Natasha
              (12 damage)
             ... on level 3 of the Dungeon.
             The game lasted 00:07:07 (730 turns).

tidbits the Slasher (High Elf Wanderer)              Turns: 730, Time: 00:07:09

Health: -4/23      AC:  8    Str: 13    XL:     3   Next: 98%
Magic:  4/4        EV:  9    Int: 17    God:
Gold:   85         SH:  0    Dex: 12    Spells: 0 memorised, 2 levels left

rFire  . . .     SeeInvis .     a - +0 falchion
rCold  . . .     Gourm    .     B - +2 scale mail
rNeg   . . .     Faith    .     (no shield)
rPois  .         Spirit   .     (no helmet)
rElec  .         Reflect  .     (no cloak)
rCorr  .         Harm     .     (no gloves)
MR     .....                    (no boots)
Stlth  ..........               R - amulet of regeneration
                                (no ring)
                                (no ring)

@: flying, slowed, very slow
A: no striking features
a: no special abilities


You were on level 3 of the Dungeon.
You were not hungry.

You visited 1 branch of the dungeon, and saw 3 of its levels.

You collected 85 gold pieces.

Inventory:

Hand Weapons
 a - a +0 falchion (weapon)
 b - a +1 flail of holy wrath
   (You took it off an orc on level 3 of the Dungeon)
Missiles
 c - 45 stones (quivered)
Armour
 B - a +2 scale mail (worn)
Jewellery
 R - an amulet of regeneration (around neck)
   (You found it on level 2 of the Dungeon)
Scrolls
 h - a scroll of fear {unknown}
Potions
 j - a potion of heal wounds {unknown}
Books
 i - a book of Minor Magic
   (You found it on level 3 of the Dungeon)

   Spells                             Type                      Level
   a - Magic Dart                     Conjuration                  1
   b - Blink                          Translocation                2
   c - Call Imp                       Summoning                    2
   d - Repel Missiles                 Charms/Air                   2
   e - Slow                           Hexes                        2
   f - Conjure Flame                  Conjuration/Fire             3
   g - Mephitic Cloud                 Conjuration/Poison/Air       3
Comestibles
 d - 2 bread rations
 f - a beef jerky


   Skills:
 - Level 1.0 Fighting
 + Level 4.7 Long Blades
   Level 3.0 Crossbows
 - Level 1.0 Throwing
 - Level 1.0 Armour
 - Level 1.1 Dodging
 - Level 1.1 Stealth
   Level 1.0 Shields


You had 2 spell levels left.
You didn't know any spells.

Dungeon Overview and Level Annotations

Branches:
Dungeon (3/15)

Altars:

Annotations:
D:3 Natasha


Message History

The orc wizard mumbles some strange words.
The orc wizard blinks!
The orc hits you with a dagger.
Unknown command.
You closely miss the orc.
The orc is heavily wounded.
The orc wizard mumbles some strange words.
The orc wizard blinks!
The orc closely misses you.
You hit the orc.
The orc is severely wounded.
The orc barely misses you.
You hit the orc.
You kill the orc!
You hit the orc.
The orc is heavily wounded.
The orc hits you but does no damage.
The orc wizard gestures wildly while chanting.
The orc wizard blinks!
You barely miss the orc.
The orc is heavily wounded.
The orc hits you but does no damage.
You hit the orc.
The orc is severely wounded.
The orc barely misses you.
You completely miss the orc.
The orc is severely wounded.
The orc hits you with a flail of holy wrath.
You hit the orc.
You kill the orc!
The orc wizard casts a spell at you. The magic dart hits you!
* * * LOW HITPOINT WARNING * * *
Unknown command.
You feel better.
The orc wizard gestures at you while chanting.
You resist with some effort. The orc wizard closely misses you.
You riposte.
You hit the orc wizard.
The orc wizard is almost dead.
The orc wizard hits you but does no damage.
You hit the orc wizard.
You kill the orc wizard!
Your Long Blades skill increases to level 4!
Things that are here:
a dagger; a robe
Items here: )) [ †††
b - a flail of holy wrath
Items here: ) [ ††† a dagger; a leather armour; an orc corpse x2; an adder corpse
Found 20 stones and a ring mail.
You hear the rusting of a distant drain.
A bat comes into view.
The bat closely misses you.
Found a flail.
You see here a ring mail.
You hit the bat.
You kill the bat!
Found 5 tomahawks.
A bat comes into view.
Found a metal-bound book.
Found a stone staircase leading down.
The bat closely misses you.
You riposte.
You hit the bat.
You kill the bat!
A goblin comes into view. It is wielding a dagger.
The goblin moves out of view.
You see here 5 tomahawks.
You see here a book of Minor Magic.
i - a book of Minor Magic Natasha hisses angrily.
Natasha mewls in sadness.
You closely miss the goblin. The goblin misses you.
You hit the goblin.
You kill the goblin!
Natasha mumbles some strange words.
Unknown command.
You hit Natasha.
Natasha is lightly wounded.
Natasha claws you. The shadow imp closely misses you.
You barely miss Natasha.
Natasha is lightly wounded.
Natasha claws you. The shadow imp barely misses you.
You riposte.
You closely miss the shadow imp. You hit Natasha.
Natasha is moderately wounded.
Natasha casts a spell at you.
You feel yourself slow down. The shadow imp hits you.
Unknown command.
It was a potion of magic.
Magic courses through your body. Natasha claws you.
The shadow imp hits you but does no damage.
Natasha mewls in sadness.
Natasha claws you but does no damage.
You hit Natasha.
Natasha is heavily wounded.
The shadow imp closely misses you. Natasha claws you!
* * * LOW HITPOINT WARNING * * *
The shadow imp closely misses you.
It was a potion of flight.
You feel very buoyant.
You fly up into the air.
Natasha claws you but does no damage. The shadow imp gestures at you.
Pain shoots through your body!
Ouch! That really hurt!
You die...

#.#..# .#..# ... ###.##
##.>h.#
#####.#######..(..#
#...........##....######.#
..... ###.#..h##........
....## #.......@#)#######
.....####........5.#
......[............#
.....####.........##
....## #....)...## .....#
###.#...... #....#
#.######.# .....# #.# .#
#.#### .#


You could see Natasha and a shadow imp.

Vanquished Creatures
  An orc wizard (D:3)
  An adder (D:3)
  A leopard gecko (D:1)
  2 orcs (D:3)
  4 goblins
  2 hobgoblins (D:1)
  2 jackals (D:1)
  2 quokkas
  5 bats
  2 frilled lizards (D:1)
  2 kobolds (D:1)
  4 rats
28 creatures vanquished.

Notes
Turn   | Place    | Note
-------+----------+-------------------------------------------
     0 | D:1      | tidbits the High Elf Wanderer began the quest for the Orb.
     0 | D:1      | tidbits set off with: a +2 scale mail, a potion of curing, a +0 falchion, a bread ration
     0 | D:1      | Reached XP level 1. HP: 13/13 MP: 2/2
   157 | D:1      | Reached skill level 2 in Long Blades
   270 | D:1      | Reached XP level 2. HP: 12/18 MP: 3/3
   525 | D:2      | Reached skill level 3 in Long Blades
   636 | D:3      | Noticed Natasha
   645 | D:3      | Reached XP level 3. HP: 23/23 MP: 4/4
   678 | D:3      | Reached skill level 4 in Long Blades
   730 | D:3      | Killed from afar by a shadow imp

Skill      XL: |  1  2  3 |
---------------+----------+-----
Long Blades    | 2 3 4 |  4.7
Fighting       | |  1.0
Crossbows      | |  3.0
Throwing       | |  1.0
Armour         | |  1.0
Dodging        | |  1.1
Stealth        | |  1.1
Shields        | |  1.0

Action                   || total
-------------------------++-------
Melee: Falchion          ||   131
  Use: Scroll            ||     4
       Potion            ||     3
Armor: Scale mail        ||    87
Dodge: Dodged            ||    93
       Rpst.: Falchion   ||    25

Table legend:
 A = Turns spent in this place as a percentage of turns spent in the entire game.
 B = Non-inter-level travel turns spent in this place as a percentage of non-inter-level travel turns spent in the entire game.
 C = Inter-level travel turns spent in this place as a percentage of turns spent in this place.
 D = Turns resting spent in this place as a percentage of non-inter-level travel turns spent in this place.
 E = Turns spent auto-exploring this place as a percentage of non-inter-level travel turns spent in this place.
 F = Non-inter-level travel turns spent in this place divided by the number of levels of this place that you've seen.
                   A       B       C       D       E      F
               +-------+-------+-------+-------+-------+----------------------
         Total | 100.0 | 100.0 |   0.0 |   0.0 |   0.0 | 239.3
       Dungeon | 100.0 | 100.0 |   0.0 |   0.0 |   0.0 | 239.3
               +-------+-------+-------+-------+-------+----------------------

Table legend:
 A = Kills in this place as a percentage of kills in entire the game.
 B = Kills by you in this place as a percentage of kills by you in the entire game.
 C = Kills by friends in this place as a percentage of kills by friends in the entire game.
 D = Other kills in this place as a percentage of other kills in the entire game.
 E = Experience gained in this place as a percentage of experience gained in the entire game.
 F = Experience gained in this place divided by the number of levels of this place that you have seen.
                   A       B       C       D       E      F
               +-------+-------+-------+-------+-------+----------------------
         Total | 100.0 | 100.0 |  -nan |  -nan | 100.0 |  32.0
       Dungeon | 100.0 | 100.0 |  -nan |  -nan | 100.0 |  32.0
               +-------+-------+-------+-------+-------+----------------------

Vault maps used:
D:1:      dpeg_arrival_chambers_temple_mockup, hex_tiny
D:2:      grunt_temple_overflow_diamond
D:3:      gup_sewer_entry_spiral, uniq_natasha
